AoeStats
← AxingQuestions

Nomad

504291442Analyzed
4v4 RM · 27d ago on Sep 4, 2026· 69m 16s· 8 players
Game mode
Random Map
Map size
231×231
Population
200
Speed
Normal
Resources
Standard
Victory
Conquest
Starting age
Dark Age
Ending age
Imperial Age
RankedLock teamsTeams togetherTeam positionsShared explorationLock speedFull tech treeHidden civsTurbo modeCheats
Victory
Defeat
🇧🇪 Dravidians · Belgium
1301
+12
🇧🇪 Spanish · Belgium
1291
+12
🇧🇪 Persians · Belgium
1240
+14
🇧🇪 Vikings · Belgium
1137
+19
🇹🇷 Wei · Türkiye
1250
-16
🇦🇷 Sicilians · Argentina
1223
-15
🇺🇸 Dravidians · United States
1177
-13
🇲🇽 Franks · Mexico
1175
-13
AxingQuestions
6:10 Loom
13:30 Feudal Age
14:53 Double-Bit Axe
18:40 Wheelbarrow
19:28 Man-at-Arms
22:13 Fletching
23:44 Scale Mail Armor
25:03 Forging
25:13 Town Watch
25:32 Horse Collar
29:38 Castle Age
28:23 Stone Mining
31:02 Bow Saw
30:56 Heavy Plow
31:16 Gold Mining
38:12 Hand Cart
38:29 Chain Mail Armor
38:43 Town Patrol
39:22 Scale Barding Armor
39:33 Husbandry
46:01 Bodkin Arrow
51:12 Iron Casting
51:23 Fishing Lines
52:07 Gillnets
55:10 Chain Barding Armor
57:29 Caravan
elgalle02
7:16 Loom
14:50 Feudal Age
22:44 Castle Age
22:15 Double-Bit Axe
24:22 Medium Warships
26:02 Wheelbarrow
34:21 Scale Barding Armor
34:26 Forging
34:53 Bow Saw
35:31 Bloodlines
35:22 Husbandry
38:40 Imperial Age
36:43 Fishing Lines
39:05 Iron Casting
41:04 Hand Cart
40:11 Cavalier
45:10 Pikeman
47:32 Chain Barding Armor
47:13 Scale Mail Armor
49:44 Plate Barding Armor
49:24 Chain Mail Armor
50:10 Blast Furnace
50:11 Halberdier
52:04 Horse Collar
52:56 Plate Mail Armor
52:48 Conscription
52:35 Hauberk
54:33 Heavy Plow
55:07 Squires
54:53 Gambesons
57:38 Town Watch
57:45 Stone Mining
57:45 Gold Mining
58:31 Crop Rotation
64:01 Fletching
64:50 Light Cavalry
Mauzic
6:49 Loom
15:12 Feudal Age
19:39 Castle Age
17:56 Double-Bit Axe
18:52 Gold Mining
20:05 Forging
19:56 Scale Mail Armor
20:58 Husbandry
24:38 Scale Barding Armor
25:43 Chain Mail Armor
27:28 Chain Barding Armor
35:59 Iron Casting
36:29 Wheelbarrow
37:28 Hand Cart
37:54 Fervor
40:32 Fletching
44:47 Gold Shaft Mining
44:39 Masonry
45:21 Light Cavalry
49:48 Imperial Age
50:00 Cavalier
51:44 Blast Furnace
51:14 Plate Mail Armor
51:28 Paladin
52:46 Plate Barding Armor
54:03 Bow Saw
54:10 Stone Mining
55:05 Bodkin Arrow
55:10 Murder Holes
55:35 Ballistics
59:27 Conscription
59:10 Chivalry
59:12 Padded Archer Armor
60:14 Chemistry
59:45 Architecture
60:21 Leather Archer Armor
61:42 Hoardings
KaRaKaPLaN
10:07 Loom
13:57 Feudal Age
18:35 Castle Age
17:48 Double-Bit Axe
17:48 Horse Collar
18:06 Gold Mining
19:38 Scale Barding Armor
19:26 Fletching
19:42 Scale Barding Armor
24:31 Husbandry
28:39 Bloodlines
29:47 Chain Barding Armor
33:16 Forging
33:28 Town Watch
34:19 Wheelbarrow
37:41 Iron Casting
38:53 Wheelbarrow
38:20 Town Patrol
41:41 Hand Cart
41:30 Heavy Plow
44:04 Imperial Age
41:39 Light Cavalry
44:05 Heavy Hei Guang Cavalry
44:06 Hussar
45:59 Blast Furnace
45:12 Fishing Lines
46:27 Bodkin Arrow
48:19 Gillnets
52:51 Conscription
56:36 Tuntian
Ronar
8:36 Loom
13:39 Feudal Age
14:18 Double-Bit Axe
18:26 Fletching
21:02 Castle Age
20:46 Fishing Lines
21:48 Medium Warships
21:38 Bodkin Arrow
26:21 Clinker Construction
26:24 Careening
27:10 Town Watch
27:32 Horse Collar
30:52 Wheelbarrow
35:12 Imperial Age
34:12 Bloodlines
34:02 Husbandry
34:11 Scale Barding Armor
34:17 Forging
35:31 Heavy Plow
35:09 Cavalier
36:12 Conscription
36:34 Gillnets
37:49 Chain Barding Armor
37:52 Bow Saw
38:09 Demolition Ship
38:28 Demolition Ship
39:18 Savar
44:19 Hand Cart
49:04 Iron Casting
49:04 Plate Barding Armor
49:42 Hoardings
49:35 Citadels
51:46 Blast Furnace
56:46 Caravan
59:31 Chemistry
58:51 Ballistics
58:42 Masonry
58:28 Murder Holes
58:43 Light Cavalry
59:32 Town Patrol
61:41 Hussar
WaiWai
4:42 Loom
14:53 Feudal Age
16:51 Fishing Lines
19:19 Castle Age
17:28 Gold Mining
18:48 Double-Bit Axe
19:06 Padded Archer Armor
27:29 Leather Archer Armor
27:52 Wheelbarrow
31:31 Town Watch
34:57 Imperial Age
32:47 Husbandry
33:00 Bloodlines
32:34 Horse Collar
33:05 Stone Mining
36:24 Ring Archer Armor
36:11 Heavy Plow
36:44 Conscription
37:21 Fletching
41:16 Bodkin Arrow
44:03 Elite Conquistador
45:28 Scale Barding Armor
51:25 Bracer
52:20 Ballistics
53:18 Hand Cart
55:13 Coinage
56:14 Supremacy
58:04 Banking
59:20 Hoardings
59:19 Masonry
Pyrgus
4:09 Loom
15:04 Feudal Age
16:03 Double-Bit Axe
16:02 Horse Collar
27:41 Castle Age
45:51 Heavy Plow
46:07 Crossbowman
47:13 Bow Saw
47:59 Elite Skirmisher
49:36 Chieftains
52:47 Fletching
52:57 Padded Archer Armor
56:09 Leather Archer Armor
55:50 Bodkin Arrow
55:46 Gambesons
55:23 Man-at-Arms
56:04 Squires
55:52 Arson
58:16 Pikeman
59:14 Scale Mail Armor
62:30 Forging
69:25 Imperial Age
RobTheBuilder
5:05 Loom
13:33 Feudal Age
22:36 Castle Age
20:37 Fletching
21:23 Padded Archer Armor
22:46 Crossbowman
23:31 Thumb Ring
23:34 Double-Bit Axe
24:48 Bow Saw
27:03 Ballistics
26:46 Bodkin Arrow
35:48 Wheelbarrow
37:13 Horse Collar
49:40 Hand Cart
52:40 Leather Archer Armor
55:07 Town Watch
63:06 Imperial Age
63:46 Elite Skirmisher
66:05 Scale Mail Armor
65:31 Pikeman
66:44 Halberdier
67:25 Squires
69:35 Town Patrol
Connection lost

Rejoining the realm…

Still unreachable

The connection could not be restored.

Session expired

The server has moved on; the page needs a fresh start.